Map: Lightshade LE

Players

Fester

  • Race: Protoss Protoss
  • League: Diamond

TerranYOUup - Winner!

  • Race: Terran Terran
  • League: Master

VOD

Have the link to the VOD?

Description

Time

  • Played on: July 27, 2021, 1:59 p.m.
  • Length: 10:20
Show
View Real Time Build Order
Export as new Build Order

Fester Protoss 

Build Orders: 1 Gate Expand 

Get SALT Encoding   

  12  0:00  Probe  
  13  0:12  Probe  
  14  0:17  Pylon  
  14  0:24  Probe (Chrono Boost)  
  15  0:36  Probe (Chrono Boost)  
  15  0:38  Gateway  
  16  0:45  Probe (Chrono Boost)  
  16  0:46  Assimilator  
  17  0:51  Probe  
  18  1:03  Probe  
  19  1:15  Probe  
  20  1:22  Nexus  
  20  1:32  Cybernetics Core  
  20  1:38  Assimilator  
  20  1:39  Probe  
  21  1:49  Gateway  
  22  2:00  Pylon  
  21  2:05  Stalker (Chrono Boost)  
  23  2:18  Probe  
  23  2:19  Warp Gate  
  24  2:28  Stalker  
  26  2:34  Probe x2  
  28  2:37  Adept  
  30  2:46  Probe x2  
  32  2:53  Shield Battery  
  32  2:58  Probe x2  
  32  2:59  Adept  
  36  3:08  Sentry  
  38  3:23  Probe x2  
  40  3:29  Adept  
  40  3:32  Pylon  
  40  3:34  Adept  
  44  3:35  Probe x2  
  44  3:40  Robotics Facility  
  46  3:50  Probe x2  
  48  4:01  Assimilator  
  48  4:02  Probe x2  
  50  4:04  Assimilator  
  50  4:08  Gateway  
  50  4:09  Gateway  
  50  4:14  Probe x2  
  45  4:32  Observer (Chrono Boost)  
  45  4:33  Stalker x2  
  50  4:50  Observer  
  48  5:01  Observer  
  48  5:03  Stalker x2  
  52  5:23  Observer  
  52  5:30  Stalker  
  52  5:34  Observer  
  54  5:47  Observer  
  54  6:05  Probe x2  
  52  6:17  Probe x2  
  54  6:29  Probe x2, Stargate  
  50  6:41  Probe  
  50  6:44  Robotics Bay  
  50  6:45  Stalker  
  53  6:47  Pylon  
  53  6:51  Pylon  
  53  7:07  Void Ray  
  53  7:12  Observer  
  58  7:28  Probe x2  
  60  7:37  Observer  
  60  7:38  Colossus (Chrono Boost)  
  60  7:40  Probe  
  61  8:00  Stalker  
  61  8:01  Stalker x3  
  52  8:17  Probe (Chrono Boost)  
  52  8:18  Probe (Chrono Boost)  
  54  8:26  Adept x4  
  54  8:27  Probe x2 (Chrono Boost)  
  64  8:32  Probe x2 (Chrono Boost)  
  64  8:43  Probe x2  
  64  8:55  Probe  
  62  9:13  Void Ray  
  59  9:22  Probe (Chrono Boost)  
  59  9:23  Probe (Chrono Boost)  
  64  9:34  Probe (Chrono Boost)  
  64  9:35  Probe (Chrono Boost)  
  66  9:40  Probe x2 (Chrono Boost)  
Show
View Real Time Build Order
Export as new Build Order

TerranYOUup Terran - Winner!

Build Orders:  

Get SALT Encoding   

  12  0:00  SCV  
  13  0:12  SCV  
  14  0:17  Supply Depot  
  14  0:25  SCV  
  15  0:31  Refinery  
  15  0:38  SCV  
  16  0:46  Barracks  
  16  0:51  SCV  
  17  1:01  Refinery  
  17  1:03  SCV  
  18  1:12  Supply Depot  
  18  1:16  SCV  
  19  1:32  Orbital Command  
  19  1:46  Factory  
  19  1:58  Barracks Reactor  
  19  1:59  SCV  
  20  2:11  SCV  
  21  2:23  SCV  
  21  2:29  Armory  
  22  2:35  Factory Reactor, Starport  
  22  2:39  Marine  
  22  2:40  Marine  
  22  2:43  SCV  
  25  2:46  Supply Depot  
  25  2:55  SCV  
  25  2:57  Marine x2  
  28  3:12  Widow Mine x2  
  32  3:13  Medivac  
  34  3:24  Marine x2  
  36  3:30  Supply Depot  
  36  3:33  Widow Mine  
  38  3:41  Supply Depot  
  38  3:50  Widow Mine  
  38  3:53  Marine x2  
  41  4:06  Liberator  
  41  4:07  Widow Mine  
  46  4:11  Widow Mine, Marine x2, Supply Depot  
  50  4:28  Widow Mine  
  50  4:29  Marine x2  
  54  4:33  Widow Mine  
  56  4:48  Marine x2  
  56  4:50  Supply Depot  
  56  4:52  Supply Depot  
  58  5:14  Widow Mine x2  
  61  5:27  Marine x2  
  62  5:31  Liberator  
  61  5:46  Widow Mine x2, Marine x2  
  67  5:51  Barracks  
  67  5:52  Supply Depot  
  67  5:53  Barracks  
  65  6:12  Widow Mine x2, Marine x2  
  65  6:14  Liberator  
  62  6:35  Marine x2  
  64  6:41  Widow Mine x2  
  68  6:57  Medivac  
  57  7:02  Widow Mine x2  
  61  7:09  Barracks Tech Lab x2  
  61  7:16  Barracks  
  61  7:17  Barracks  
  57  7:40  Widow Mine x2  
  61  7:50  Liberator  
  62  7:54  Marauder x2, Marine x2  
  65  8:01  Widow Mine x2  
  67  8:14  Barracks Reactor x2  
  67  8:15  Stimpack, Marauder x2  
  67  8:19  Combat Shield  
  64  8:57  Marine x3, Marauder x2  
  64  8:58  Marine x3  
  67  9:19  Marauder x2, Marine x2  
  70  9:38  Marine  
  70  9:39  Marine x3  
  70  9:40  Factory Reactor  
Tags
 
Add a new tag
Caveats
  • Supply blocks, unpowered buildings, or Contaminate may cause inaccurate times.
  • Supply counts are checked every 10 seconds.